 Dungeon Crawl Stone Soup version 0.31-a0-799-g6bc09d010c (webtiles) character file.

Game seed: 789452651511139795

205 CowFu the Chopper (level 5, -1/45 HPs)
             Began as a Minotaur Berserker on Sept 20, 2023.
             Was a Believer of Trog.
             Slain by a gnoll
             ... wielding a +0 spear
              (2 damage)
             ... on level 3 of the Dungeon.
             The game lasted 00:01:42 (1986 turns).

CowFu the Chopper (Minotaur Berserker)              Turns: 1986, Time: 00:01:43

Health: -1/45      AC:  4    Str: 24    XL:     5   Next: 52%
Magic:  0/4        EV: 12    Int:  4    God:    Trog [**....]
Gold:   53         SH:  0    Dex:  9    Spells: 4/4 levels left

rFire   . . .        a - +0 hand axe
rCold   . . .        (no shield)
rNeg    . . .        b - +0 animal skin
rPois   .            (helmet restricted)
rElec   .            m - +0 cloak
rCorr   .            (no gloves)
SInv    .            l - +0 pair of boots
Will    .....        (no amulet)
Stlth   +            (no ring)
HPRegen 0.27/turn    (no ring)
MPRegen 0.09/turn

%: no passive effects
@: on berserk cooldown, slowed, very slow
A: horns 2, retaliatory headbutt
a: Renounce Religion, Berserk, Trog's Hand


You were on level 3 of the Dungeon.
You worshipped Trog.
Trog was pleased with you.
You visited 1 branch of the dungeon, and saw 3 of its levels.

You collected 79 gold pieces.
You spent 26 gold pieces at shops.

Inventory:

Hand Weapons
 a - a +0 hand axe (weapon)
Armour
 b - a +0 animal skin (worn)
 l - a +0 pair of boots (worn)
 m - a +0 cloak (worn)
Jewellery
 e - an amulet of magic regeneration
 n - a ring of positive energy
Scrolls
 d - a scroll of enchant armour {unknown}
 f - a scroll of identify
 g - a scroll of revelation {unknown}
 h - a scroll of fog {unknown}
 k - a scroll of acquirement {unknown}
Potions
 c - 3 potions of enlightenment
 i - a potion of might {unknown}
 j - 2 potions of curing {unknown}


   Skills:
 - Level 3.6 Fighting
 + Level 7.6 Axes
 - Level 2.4 Armour
 - Level 2.1 Dodging


You had 4 spell levels left.
You didn't know any spells.
Your spell library was empty.

Dungeon Overview and Level Annotations

Branches:
Dungeon (3/15)

Altars:
Hepliaklqana
Nemelex Xobeh

Shops:
D:2 *


Innate Abilities, Weirdness & Mutations

You have a pair of horns on your head.
You reflexively headbutt those who attack you in melee.


Message History

The gnoll hits you from afar with a +0 spear.
The orc barely misses you. You furiously retaliate!
You headbutt the orc. You hit the orc. Your headbutt misses the orc.
The orc is severely wounded.
The gnoll hits you from afar with a +0 spear.
The orc barely misses you. The gnoll misses you. The orc completely misses you.
You furiously retaliate!
You headbutt the orc.
You kill the orc!
Trog accepts your kill.
The gnoll hits you with a +1 antimagic spear.
You feel your power leaking away. The gnoll hits you with a +0 spear.
There is an open door here.
Things that are here:
a +0 club; a +0 ring mail; an orc corpse You barely miss the gnoll.
You hit the gnoll but do no damage.
The gnoll hits you with a +1 antimagic spear.
You feel your power leaking away. The gnoll hits you but does no damage.
You are too injured to fight recklessly!
You are too injured to fight recklessly!
You are too injured to fight recklessly!
Okay, then.
Okay, then.
You hit the gnoll. Your headbutt misses the gnoll.
The gnoll is heavily wounded.
You barely miss the gnoll.
The gnoll hits you with a +1 antimagic spear.
You feel your power leaking away. The gnoll hits you with a +0 spear.
* * * LOW HITPOINT WARNING * * *
The gnoll barely misses you. The gnoll hits you with a +0 spear.
* * * LOW HITPOINT WARNING * * *
You barely miss the gnoll.
The gnoll is heavily wounded.
You slash the gnoll!
The gnoll hits you with a +1 antimagic spear.
* * * LOW HITPOINT WARNING * * *
The gnoll hits you with a +0 spear.
You die...

~~....~~~~~~≈~
..............
##''''########
#)...# .... #....#
#.. #....# #...
#...:#######''####
#....#))...)..g#.#
+....'))......g@.#
+....))).......#.#
#8..8#.........#[#
##################


You could see 2 gnolls.

Vanquished Creatures
  A kobold brigand (D:3)
  An orc wizard (D:3)
  3 gnolls (D:3)
  2 adders (D:2)
  A worm (D:2)
  5 orcs (D:3)
  6 ball pythons
  2 bats
  2 endoplasms
  4 giant cockroaches
  2 goblins (D:2)
  3 hobgoblins (D:2)
  11 jackals
  A quokka (D:2)
  2 frilled lizards (D:2)
  A kobold (D:2)
  2 rats
49 creatures vanquished.

Notes
Turn   | Place    | Note
-------+----------+-------------------------------------------
     0 | D:1      | CowFu the Minotaur Berserker began the quest for the Orb.
     0 | D:1      | Reached XP level 1. HP: 19/19 MP: 0/0
   356 | D:1      | Reached skill level 4 in Axes
   405 | D:1      | Reached XP level 2. HP: 26/26 MP: 1/1
   947 | D:2      | Reached skill level 5 in Axes
   954 | D:2      | Found Gobrib's General Store.
   962 | D:2      | Bought a scroll of identify for 26 gold pieces
   999 | D:2      | Reached XP level 3. HP: 26/31 MP: 2/2
  1137 | D:2      | Reached ** piety under Trog
  1719 | D:3      | Found a hazy altar of Hepliaklqana.
  1826 | D:3      | Found a sparkling altar of Nemelex Xobeh.
  1869 | D:3      | Reached XP level 4. HP: 24/39 MP: 3/3
  1874 | D:3      | Reached skill level 6 in Axes
  1955 | D:3      | Noticed a kobold brigand
  1968 | D:3      | Killed a kobold brigand
  1969 | D:3      | Reached skill level 7 in Axes
  1969 | D:3      | Reached XP level 5. HP: 41/45 MP: 4/4
  1986 | D:3      | HP: 1/45 [gnoll/+1 antimagic spear (4)]
  1986 | D:3      | Slain by a gnoll

Illustrated notes

Levels and vault maps discovered:
D:1:      saegor_arrival_simple_a, layout_basic
D:2:      layout_basic, serial_corexii_hall, chequers_hall_statues_y,
          corexii_hall_statues_x, chequers_hall_statues_wall_a,
          chequers_hall_statues_corner_a, serial_shops, shop, st_stairs_3,
          grunt_ministairs_2, ebering_dispersal_statue_hall, minmay_pentomino_p4
D:3:      lemuel_castle_with_subvaults [lemuel_castle_interior_carwin_2],
          layout_loops_ring, worldfamousw_hep_ancestral_shrine,
          nemelex_diamond_rough_becter

Skill      XL: |  1  2  3  4 |
---------------+-------------+-----
Axes           | 4 5 7 |  7.6
Fighting       | |  3.6
Armour         | |  2.4
Dodging        | |  2.1

Action                     |  1- 3 |  4- 6 || total
---------------------------+-------+-------++-------
  Melee: Hand axe          |    67 |    20 ||    87
         Headbutt          |    10 |     4 ||    14
         Punch             |     1 |       ||     1
 Invoke: Berserk           |       |     1 ||     1
         Trog's Hand       |       |     1 ||     1
    Use: Scroll            |     1 |       ||     1
   Stab: Sleeping          |     1 |       ||     1
 Armour: Animal skin       |    32 |    27 ||    59
  Dodge: Dodged            |    50 |    21 ||    71

Table legend: (Time is in decaauts)
 A = Elapsed time spent in this place.
 B = Non-inter-level travel time spent in this place.
 C = Inter-level travel time spent in this place.
 D = Time resting spent in this place.
 E = Time spent auto-exploring this place.
 F = Levels seen in this place.
 G = Mean time per level.
                   A        B        C        D        E       F      G
               +--------+--------+--------+--------+--------+-----+--------+
         Total |   1991 |   1884 |    107 |      0 |   1645 |   3 |  663.7 |
       Dungeon |   1991 |   1884 |    107 |      0 |   1645 |   3 |  663.7 |
               +--------+--------+--------+--------+--------+-----+--------+

Top non-repeatable levels by time:
     D:1: 879 daAuts
     D:2: 717 daAuts
     D:3: 395 daAuts
